 Dungeon Crawl Stone Soup version 0.32-a0-560-g4c7f4391e0 (webtiles) character file.

Game seed: 2641756507038187899

4 jedibcg the Scratcher (level 1, 0/10 HPs)
             Began as a Felid Shapeshifter on Feb 29, 2024.
             Constricted to death by a ball python (1 damage)
             ... on level 1 of the Dungeon.
             The game lasted 00:07:13 (79 turns).

jedibcg the Scratcher (Felid Shapeshifter)            Turns: 79, Time: 00:07:13

Health: 0/10       AC:  1    Str: 10    XL:     1   Next: 58%
Magic:  2/2        EV:  7    Int: 13    God:
Gold:   0          SH:  0    Dex: 15    Spells: 0/0 levels left
                                        Lives:  0   Deaths: 1

rFire   . .          .
                       - Unarmed
rCold   . . .        (shield unavailable)
rNeg    . . .        (body armour unavailable)
rPois   .            (helmet unavailable)
rElec   .            (cloak unavailable)
rCorr   .            (gloves unavailable)
SInv    +            (boots unavailable)
Will    .....        (no amulet)
Stlth   +            (no ring)
HPRegen 0.21/turn    (no ring)
MPRegen 0.08/turn

%: no passive effects
@: beast-form, constricted
A: beast (slay +1), very small, claws 1, fangs 3, see invisible, shaggy fur 1,
stealthy paws, no weapons or thrown items, no armour, multi-lived
a: Begin Untransformation


You were on level 1 of the Dungeon.
You were a hulking beast.
You visited 1 branch of the dungeon, and saw 1 of its levels.

Inventory:

Talismans
 b - a beast talisman (active)
 c - a flux talisman
Potions
 a - a potion of lignification


   Skills:
 + Level 1.0 Fighting
 + Level 2.9 Dodging
 + Level 3.1 Unarmed Combat
 + Level 2.8 Shapeshifting


You couldn't memorise any spells.
You didn't know any spells.
Your spell library was empty.

Dungeon Overview and Level Annotations

Branches:
Dungeon (1/15)

Altars:


Innate Abilities, Weirdness & Mutations

You are a hulking beast.
Your limbs bulge with bestial killing power. (Slay +1)
You have sharp claws.
You have razor-sharp teeth.
You have supernaturally acute eyesight. (SInv)
You are covered in fur. (AC +1)
Your paws help you pounce on unaware monsters.
You are incapable of wielding weapons or throwing items.
You cannot wear armour.
You gain extra lives every three experience levels.


Message History

The endoplasm hits you.
You claw the endoplasm!
You kill the endoplasm!
Found 4 gold pieces.
You see here a +0 scale mail.
You see here 5 poisoned darts.
A rat comes into view.
The rat squeaks loudly.
You hear a loud squeak.
A hobgoblin comes into view.
A rat comes into view.
The hobgoblin shouts!
You see here 4 gold pieces.
There are monsters nearby!
There are monsters nearby!
There are monsters nearby!
A quokka comes into view.
The quokka moves out of view.
You see here a +0 scale mail.
You scratch the rat.
The rat is moderately wounded.
The rat misses you.
You scratch the rat.
You kill the rat!
The frilled lizard hisses angrily.
You scratch the rat. You bite the rat.
You kill the rat!
You scratch the hobgoblin. You claw the hobgoblin.
You kill the hobgoblin!
The ball python bites you. The ball python grabs you.
The ball python constricts you.
You scratch the ball python.
The ball python is moderately wounded.
The ball python bites you. The ball python constricts you.
The ball python barely misses you. The ball python constricts you.
* * * LOW HITPOINT WARNING * * *
You closely miss the ball python.
The ball python is moderately wounded.
The ball python bites you.
* * * LOW HITPOINT WARNING * * *
The ball python constricts you.
You die...

.. #. # #. ##. #.##
...# #..# .l. #.## #
#.### #..# #.
#...####.# .#..###
#Sh###.#### .......###
##†.......#
...r.#...#####.......#
...#......g[r........#
.......$....r........#
...##.....(...########
###########


You could see a ball python and a frilled lizard.

Vanquished Creatures
  An endoplasm (D:1)
  A hobgoblin (D:1)
  3 rats (D:1)
5 creatures vanquished.

Notes
Turn   | Place    | Note
-------+----------+-------------------------------------------
     0 | D:1      | jedibcg the Felid Shapeshifter began the quest for the Orb.
     0 | D:1      | Reached XP level 1. HP: 10/10 MP: 2/2
    46 | D:1      | Constricted to death by a ball python
    46 | D:1      | Lost a life (0 lives remaining)
    79 | D:1      | Constricted to death by a ball python

Illustrated notes

Levels and vault maps discovered:
D:1:      wander_arrival_chamber, layout_rooms

Action                     || total
---------------------------++-------
  Melee: Unarmed           ||    15
         Punch             ||     1
         Bite              ||     1
 Armour: Skin              ||    20
  Dodge: Dodged            ||     8

Table legend: (Time is in decaauts)
 A = Elapsed time spent in this place.
 B = Non-inter-level travel time spent in this place.
 C = Inter-level travel time spent in this place.
 D = Time resting spent in this place.
 E = Time spent auto-exploring this place.
 F = Levels seen in this place.
 G = Mean time per level.
                   A        B        C        D        E       F      G
               +--------+--------+--------+--------+--------+-----+--------+
         Total |     78 |     52 |     26 |      0 |      0 |   1 |   78.0 |
       Dungeon |     78 |     52 |     26 |      0 |      0 |   1 |   78.0 |
               +--------+--------+--------+--------+--------+-----+--------+

Top non-repeatable levels by time:
     D:1: 78 daAuts
